 Seeded DCSS version 0.29-a0-1065-g47a6bb87d6 (webtiles) character file.

Game seed: 1 (custom seed)

6 Kazon the Trooper (level 1, -1/18 HPs)
             Began as a Demigod Fighter on Aug 18, 2022.
             Frozen to death by an endoplasm (4 damage)
             ... on level 1 of the Dungeon.
             The game lasted 00:00:41 (156 turns).

Kazon the Trooper (Demigod Fighter)                  Turns: 156, Time: 00:00:42

Health: -1/18      AC:  6    Str: 17    XL:     1   Next: 60%
Magic:  3/3        EV:  9    Int: 10    God:
Gold:   39         SH:  4    Dex: 13    Spells: 0/0 levels left

rFire   . . .      SeeInvis .   a - +0 long sword
rCold   . . .      Faith    .   c - +0 buckler
rNeg    . . .      Spirit   .   b - +0 scale mail
rPois   .          Reflect  .   (no helmet)
rElec   .          Harm     .   (no cloak)
rCorr   .          Rampage  .   (no gloves)
Will    .....                   (no boots)
Stlth   ..........              (no amulet)
HPRegen 0.06/turn               (no ring)
MPRegen 0.08/turn               (no ring)

@: no status effects
A: high MP 1, forlorn, divine attributes
a: no special abilities


You were on level 1 of the Dungeon.
You visited 1 branch of the dungeon, and saw 1 of its levels.

You collected 39 gold pieces.

Inventory:

Hand Weapons
 a - a +0 long sword (weapon)
Armour
 b - a +0 scale mail (worn)
 c - a +0 buckler (worn)
Potions
 d - a potion of might
 e - a potion of haste {unknown}
 f - a potion of flight {unknown}


   Skills:
 + Level 2.8 Fighting
 + Level 1.9 Long Blades
 + Level 2.8 Armour
 + Level 2.8 Shields


You couldn't memorise any spells.
You didn't know any spells.
Your spell library was empty.

Dungeon Overview and Level Annotations

Branches:
Dungeon (1/15)


Innate Abilities, Weirdness & Mutations

You have an increased reservoir of magic. (+10% MP)
You shall have no god before yourself.
Your divine heritage dramatically boosts your attributes as you level up.


Message History

Found 4 gold pieces.
The endoplasm quivers.
You barely miss the kobold. You block the kobold's attack.
You slash the kobold!
You kill the kobold!
You block the endoplasm's attack.
You barely miss the endoplasm. The endoplasm hits you.
You hit the endoplasm.
The endoplasm is heavily wounded.
The endoplasm freezes you.
You are frozen.
You hit the endoplasm.
You kill the endoplasm!
Things that are here:
a +0 whip; a kobold corpse
f - a ruby potion You now have 39 gold pieces (gained 4).
You open the door.
There is an open door here.
A goblin comes into view. It is wielding a +0 club.
An endoplasm comes into view.
The endoplasm quivers.
You closely miss the goblin. You block the goblin's attack.
You hit the goblin but do no damage. The goblin hits you with a +0 club.
You closely miss the goblin. The endoplasm freezes you.
You are frozen.
The goblin hits you with a +0 club. The endoplasm closely misses you.
The goblin hits you with a +0 club.
* * * LOW HITPOINT WARNING * * *
You closely miss the goblin. You block the endoplasm's attack.
The goblin closely misses you.
You slash the goblin!
You kill the goblin!
The endoplasm hits you but does no damage.
You hit the endoplasm.
The endoplasm is heavily wounded.
The endoplasm hits you but does no damage.
The endoplasm freezes you.
You are frozen.
You die...

..# #.......... ..#
#......... ... ..#
#.......# ####... ..#
#.......# ....... ..#
#.......# .......
..###.......# .......
............## .......
............'####J......
................@)......
........................
.####)####.........#####
.# #.# #.........# .#
#.# #.........# .# #.#
#.........# .####.#
#.........# .'....#
#.........# .######
#.........#


You could see an endoplasm.

Vanquished Creatures
  An endoplasm (D:1)
  2 goblins (D:1)
  A kobold (D:1)
  A bat (D:1)
5 creatures vanquished.

Notes
Turn   | Place    | Note
-------+----------+-------------------------------------------
     0 | D:1      | Kazon the Demigod Fighter began the quest for the Orb.
     0 | D:1      | Reached XP level 1. HP: 18/18 MP: 3/3
   156 | D:1      | Frozen to death by an endoplasm

Illustrated notes

Levels and vault maps discovered:
D:1:      dpeg_arrival_three_smaller_balls, layout_basic

Action                   || total
-------------------------++-------
Melee: Long sword        ||    15
Armor: Scale mail        ||     7
Dodge: Dodged            ||     6
Block: Buckler           ||     5

Table legend: (Time is in decaauts)
 A = Elapsed time spent in this place.
 B = Non-inter-level travel time spent in this place.
 C = Inter-level travel time spent in this place.
 D = Time resting spent in this place.
 E = Time spent auto-exploring this place.
 F = Levels seen in this place.
 G = Mean time per level.
                   A        B        C        D        E       F      G
               +--------+--------+--------+--------+--------+-----+--------+
         Total |    160 |    160 |      0 |      0 |     22 |   1 |  160.0 |
       Dungeon |    160 |    160 |      0 |      0 |     22 |   1 |  160.0 |
               +--------+--------+--------+--------+--------+-----+--------+

Top non-repeatable levels by time:
     D:1: 160 daAuts
